 Dungeon Crawl Stone Soup version 0.29.1-15-g9cfb28693d (webtiles) character file.

Game seed: 15300158247392851402

1572 DemonSlayer the Magician (level 8, -1/53 HPs)
             Began as a Demonspawn Earth Elementalist on Mar 19, 2023.
             Was a Follower of Dithmenos.
             Slain by a phantom (6 damage)
             ... on level 6 of the Dungeon.
             The game lasted 00:12:41 (7245 turns).

DemonSlayer the Magician (DsEE)                     Turns: 7245, Time: 00:12:42

Health: -1/53      AC:  5    Str:  9    XL:     8   Next: 59%
Magic:  12/18      EV: 13    Int: 18    God:    Dithmenos [*.....]
Gold:   157        SH:  5    Dex: 20    Spells: 10/20 levels left

rFire   . . .      SeeInvis .   o - +3 dagger (protect)
rCold   . . .      Faith    +   g - +0 buckler
rNeg    . . .      Spirit   .   a - +0 robe
rPois   .          Reflect  .   q - +0 helmet
rElec   .          Harm     .   (no cloak)
rCorr   .          Rampage  .   (no gloves)
Will    .....                   (no boots)
Stlth   +++.......              l - amulet of faith
HPRegen 0.17/turn               (no ring)
MPRegen 0.16/turn               (no ring)

@: about to teleport, wreathed by umbra
A: claws 1, thin metallic scales 1, powered by death 1, agile 2, clever 1
a: Renounce Religion


You were on level 6 of the Dungeon.
You worshipped Dithmenos.
Dithmenos was aware of your devotion.
You visited 1 branch of the dungeon, and saw 6 of its levels.

You collected 240 gold pieces.
You spent 83 gold pieces at shops.

Inventory:

Hand Weapons
 o - a +3 dagger of protection (weapon)
Armour
 a - a +0 robe (worn)
 g - a +0 buckler (worn)
 q - a +0 helmet (worn)
Jewellery
 l - an amulet of faith (around neck)
Wands
 c - a wand of iceblast (12)
Scrolls
 b - 4 scrolls of identify {unknown}
 d - 4 scrolls of teleportation
 f - 5 scrolls of enchant weapon
 h - a scroll of enchant armour {unknown}
 i - a scroll of acquirement {unknown}
 n - a scroll of poison {unknown}
 p - a scroll of amnesia {unknown}
 r - 2 scrolls of fear {unknown}
Potions
 e - 2 potions of might {unknown}
 j - 2 potions of heal wounds {unknown}
 k - a potion of attraction {unknown}
 m - a potion of brilliance {unknown}
 s - a potion of curing


   Skills:
 + Level 0.9 Fighting
 + Level 0.6 Short Blades
 + Level 2.9 Dodging
 + Level 3.4 Stealth
 + Level 1.2 Shields
 + Level 6.8 Spellcasting
 + Level 1.0 Transmutations
 + Level 6.6 Earth Magic


You had 10 spell levels left.
You knew the following spells:

 Your Spells              Type           Power      Damage    Failure   Level
a - Sandblast             Erth           60%        2d14      1%          1
b - Passwall              Tmut/Erth      15%        N/A       4%          2
c - Stone Arrow           Conj/Erth      36%        3d9       11%         3
d - Petrify               Tmut/Erth      19%        N/A       30%         4

Your spell library contained the following spells:

 Spells                   Type           Power      Damage    Failure   Level
 Beastly Appendage        Tmut           18%        N/A       10%         1
 Wereblood                Tmut           9%         N/A       14%         2
 Spider Form              Tmut/Pois      7%         N/A       34%         3


Dungeon Overview and Level Annotations

Branches:
Dungeon (6/15)             Temple (0/1) D:4

Altars:
Dithmenos
Qazlal

Shops:
D:3 =   D:4 *   D:6 *


Innate Abilities, Weirdness & Mutations

You have sharp fingernails.
You are partially covered in thin metallic scales. (AC +2)
You regenerate a little health from kills.
You are very agile. (Dex +8, Str/Int -2)
Your mind is acute. (Int +4, Str/Dex -1)


Message History

Casting: Sandblast (safe; 1% risk of failure)
Confirm with . or Enter, or press ? or * to list all spells.
Aiming: Sandblast (safe; 1% risk of failure)
Press: ? - help, Shift-Dir - straight line, f/p - centaur
Aim: a centaur (heavily wounded, umbra, 90% to hit)
The blast of sand hits the centaur but does no damage.
The centaur is heavily wounded.
The centaur hits you. The centaur misses you. The phantom closely misses you.
The centaur hits you.
* * * LOW HITPOINT WARNING * * *
You block the centaur's attack. The phantom barely misses you.
The ogre barely misses you.
Casting: Sandblast (safe; 1% risk of failure)
Confirm with . or Enter, or press ? or * to list all spells.
Aiming: Sandblast (safe; 1% risk of failure)
Press: ? - help, Shift-Dir - straight line, f/p - centaur
Aim: a centaur (heavily wounded, umbra, 90% to hit)
The blast of sand hits the centaur.
The centaur is severely wounded.
You block the centaur's attack. The centaur closely misses you.
You block the centaur's attack. The centaur closely misses you.
The phantom barely misses you. The ogre misses you.
The centaur hits you but does no damage.
The centaur misses you.
As you read the scroll labelled WAIPASTEME, it crumbles to dust.
It is a scroll of enchant weapon.
Your +2 dagger of protection glows red for a moment.
The phantom closely misses you. The centaur hits you.
* * * LOW HITPOINT WARNING * * *
You block the centaur's attack.
As you read the scroll labelled TOCLAEFRET, it crumbles to dust.
You feel strangely unstable.
It was a scroll of teleportation.
The centaur hits you but does no damage.
You block the centaur's attack. The phantom barely misses you.
The ogre closely misses you. The centaur barely misses you. x2
The centaur attacks as you move away! The centaur hits you.
* * * LOW HITPOINT WARNING * * *
You block the centaur's attack. The phantom attacks as you move away!
The phantom hits you.
You die...

##### ##### # ######
#... ...#
..##....#####.#######.##
...'..!.................
#........#...##......
#...@O##.###.#.......
#...cW##.# #.#.......
....!....##.# #.#.......
#............ #.#.......
#.........#.# #.#.......
###.........# #.#.......
#..#>..### #...####..
....#... ##### #.. #..


You could see an ogre, a phantom and a centaur.

Vanquished Creatures
  Sigmund (D:5)
  A sky beast (D:6)
  3 black bears
  An ogre (D:4)
  2 centaurs
  2 phantoms
  A bullfrog (D:4)
  2 necrophages (D:4)
  2 scorpions
  A jelly (D:5)
  A hound (D:4)
  An orc priest (D:5)
  4 iguanas
  4 gnolls
  3 adders
  3 worms
  4 dart slugs
  16 orcs
  6 endoplasms
  7 giant cockroaches
  3 goblins
  4 hobgoblins
  5 quokkas
  4 ball pythons
  2 bats (D:3)
  3 frilled lizards
  6 kobolds
  4 rats
96 creatures vanquished.

Notes
Turn   | Place    | Note
-------+----------+-------------------------------------------
     0 | D:1      | DemonSlayer the Demonspawn Earth Elementalist began the
                  | quest for the Orb.
     0 | D:1      | Reached XP level 1. HP: 13/13 MP: 3/3
   255 | D:1      | Gained mutation: You are partially covered in thin metallic
                  | scales. (AC +2) [demonic ancestry]
   255 | D:1      | Reached XP level 2. HP: 17/19 MP: 5/5
   414 | D:1      | Found a faded altar of an unknown god.
   536 | D:1      | Reached skill level 1 in Transmutations
   775 | D:1      | Learned a level 2 spell: Passwall
   915 | D:2      | Reached XP level 3. HP: 13/24 MP: 0/6
  1662 | D:2      | Gained mutation: You regenerate a little health from kills.
                  | [demonic ancestry]
  1662 | D:2      | Reached XP level 4. HP: 30/30 MP: 4/8
  2145 | D:2      | Learned a level 3 spell: Stone Arrow
  2591 | D:3      | Found Ebil's Jewellery Shop.
  2626 | D:3      | Noticed a centaur
  2636 | D:3      | Killed a centaur
  2637 | D:3      | Reached XP level 5. HP: 22/36 MP: 3/10
  3294 | D:3      | Found a shadowy altar of Dithmenos.
  3311 | D:3      | Became a worshipper of Dithmenos the Shadowed
  3677 | D:4      | Learned a level 4 spell: Petrify
  3722 | D:4      | Reached XP level 6. HP: 36/42 MP: 5/12
  3782 | D:4      | Found Atodd's Assorted Antiques.
  3784 | D:4      | You fall into a shaft and drop 2 floors!
  3786 | D:6      | Noticed a sky beast
  3798 | D:6      | Found Ozxeerghi's Neck Hole.
  3819 | D:5      | Entered Level 5 of the Dungeon
  3821 | D:5      | Noticed Sigmund
  3838 | D:5      | Gained mutation: Your mind is acute. (Int +4, Str/Dex -1)
                  | [potion of mutation]
  3838 | D:5      | Gained mutation: You are agile. (Dex +4, Str/Int -1)
                  | [potion of mutation]
  3838 | D:5      | Gained mutation: You are very agile. (Dex +8, Str/Int -2)
                  | [potion of mutation]
  3843 | D:5      | Killed Sigmund
  3844 | D:5      | Reached skill level 1 in Shields
  4928 | D:4      | Gained mutation: You have sharp fingernails. [demonic
                  | ancestry]
  4928 | D:4      | Reached XP level 7. HP: 47/47 MP: 10/14
  4961 | D:4      | Reached skill level 5 in Spellcasting
  4961 | D:4      | Reached skill level 5 in Earth Magic
  5131 | D:4      | Bought a blue potion for 20 gold pieces
  5131 | D:4      | Bought a fizzy grey potion for 20 gold pieces
  5131 | D:4      | Bought a black potion for 20 gold pieces
  5131 | D:4      | Bought a scroll labelled WAIPASTEME for 23 gold pieces
  5679 | D:4      | Found a staircase to the Ecumenical Temple.
  5684 | D:4      | Reached XP level 8. HP: 43/53 MP: 11/16
  6827 | D:5      | Reached * piety under Dithmenos
  7078 | D:5      | Found a stormy altar of Qazlal.
  7245 | D:6      | Slain by a phantom

Illustrated notes

Levels and vault maps discovered:
D:1:      co_arrival_square_in_a_square_in_a_square, layout_basic,
          shapermc_ecumenical_altar_pompeii, supply_closet_lemuel
D:2:      layout_basic, minmay_tetromino_i4
D:3:      layout_basic, lemuel_round_altar, serial_rivers,
          chequers_serial_rivers_small_b, chequers_serial_rivers_micro_e,
          chequers_serial_rivers_room_b, chequers_serial_rivers_small_b,
          chequers_serial_rivers_small_a, chequers_serial_rivers_small_a,
          serial_shops, nicolae_shop_statue_plus
D:4:      layout_layer_cave, temple_fountains, serial_shops,
          nicolae_shop_overgrown_old_shop
D:5:      layout_basic, nicolae_qazlal_scattered_showers,
          kennysheep_generic_room_2, uniq_sigmund
D:6:      layout_basic, minmay_overflow_temple_star_quad,
          lightli_sewer_entry_pipes, nicolae_shop_sticking_my_neck_out

Skill      XL: |  1  2  3  4  5  6  7  8 |
---------------+-------------------------+-----
Earth Magic    | 3 4 5 6 |  6.6
Stealth        | 2 3 |  3.4
Transmutations | 1 |  1.0
Spellcasting   | 3 4 5 6 |  6.8
Dodging        | 2 |  2.9
Shields        | 1 |  1.2
Fighting       | |  0.9
Short Blades   | |  0.6

Action                   |  1- 3 |  4- 6 |  7- 9 || total
-------------------------+-------+-------+-------++-------
Melee: Dagger            |    23 |    12 |    16 ||    51
 Cast: Sandblast         |    34 |    71 |    72 ||   177
       Stone Arrow       |       |     1 |       ||     1
  Use: Potion            |     1 |     6 |       ||     7
       Scroll            |       |     2 |     2 ||     4
 Stab: Sleeping          |     5 |     3 |     2 ||    10
       Distracted        |       |     1 |       ||     1
Armor: Robe              |     4 |    15 |    24 ||    43
Dodge: Dodged            |    20 |    33 |    80 ||   133
Block: Buckler           |     3 |    11 |    23 ||    37
